 Dungeon Crawl Stone Soup version 0.31.0-32-g396128a36d (webtiles) character file.

Game seed: 17322462809177717372

276 PaiMei the Grave Robber (level 6, -2/43 HPs)
             Began as a Demonspawn Necromancer on Apr 11, 2024.
             Killed from afar by an orc wizard (7 damage)
             ... with a magic dart
             ... on level 6 of the Dungeon.
             The game lasted 00:04:23 (4108 turns).

PaiMei the Grave Robber (Demonspawn Necromancer)    Turns: 4108, Time: 00:04:23

Health: -2/43      AC:  4    Str:  8    XL:     6   Next: 4%
Magic:  11/11      EV: 12    Int: 18    God:
Gold:   275        SH:  4    Dex: 13    Spells: 7/11 levels left

rFire   + . .        n - +2 spear (heavy)
rCold   . . .        (no shield)
rNeg    . . .        u - +1 leather armour {rF+}
rPois   .            (no helmet)
rElec   .            (no cloak)
rCorr   .            (no gloves)
SInv    .            (no boots)
Will    .....        (no amulet)
Stlth   ++           (no ring)
HPRegen 0.27/turn    (no ring)
MPRegen 0.12/turn

%: no passive effects
@: no status effects
A: hooves 1, large bone plates 1
a: no special abilities


You were on level 6 of the Dungeon.
You visited 1 branch of the dungeon, and saw 5 of its levels.

You collected 275 gold pieces.

Inventory:

Hand Weapons
 l - a +2 heavy flail
 n - a +2 heavy spear (weapon)
Missiles
 r - 2 atropa-tipped darts (quivered)
Armour
 u - a +1 leather armour of fire resistance (worn)
Scrolls
 a - a scroll of amnesia {unknown}
 c - a scroll of enchant armour {unknown}
 d - a scroll of vulnerability {unknown}
 e - a scroll of butterflies {unknown}
 f - a scroll of teleportation {unknown}
 g - 4 scrolls of identify {unknown}
 i - 2 scrolls of fog {unknown}
 o - a scroll of revelation {unknown}
 q - a scroll of silence {unknown}
 s - 2 scrolls of immolation {unknown}
 t - a scroll of torment {unknown}
Potions
 b - a potion of magic
 h - a potion of curing {unknown}
 j - a potion of heal wounds {unknown}
 k - a potion of mutation {unknown}
 m - a potion of degeneration {unknown}
 p - 3 potions of enlightenment {unknown}


   Skills:
 + Level 1.0 Fighting
 + Level 3.2 Dodging
 - Level 3.2 Stealth
 + Level 3.3 Spellcasting
 + Level 5.5 Necromancy


You had 7 spell levels left.
You knew the following spells:

 Your Spells              Type           Power      Damage    Failure   Level
a - Necrotise             Necr           88%        1d8       2%          1
b - Vampiric Draining     Necr           22%        2d7       7%          3

Your spell library contained the following spells:

 Spells                   Type           Power      Damage    Failure   Level
 Animate Dead             Necr           22%        N/A       24%         4
 Curse of Agony           Necr           22%        N/A       54%         5


Dungeon Overview and Level Annotations

Branches:
Dungeon (4/15)             Temple (0/1) D:4

Altars:
Makhleb

Annotations:
D:1 1 transporter
D:3 1 runed translucent door, Crazy Yiuf


Innate Abilities, Weirdness & Mutations

You have large cloven feet.
You are partially covered in large bone plates. (SH +4)


Message History

You hear some strange, mumbled words.
Something tries to affect you, but you resist.
You hear some strange, mumbled words.
You are more confused.
Something hits you.
You bump into the rock wall.
You hear some strange, mumbled words.
You are more confused.
Something hits you but does no damage. Something hits you.
You hear some strange, mumbled words.
A magic dart appears from out of thin air!
The magic dart hits you!
Items here: )) [ ††.
You hit something. Your kick misses something. Your punch misses something.
You hear some strange, mumbled words.
A magic dart appears from out of thin air!
The magic dart hits you.
* * * LOW HITPOINT WARNING * * *
Something hits you but does no damage. Something hits you.
* * * LOW HITPOINT WARNING * * *
Something hits you.
* * * LOW HITPOINT WARNING * * *
Something barely misses you. Something hits you but does no damage.
You hear some strange, mumbled words.
A puff of flame appears from out of thin air!
The puff of flame misses you. Something hits you but does no damage.
You bump into the rock wall.
Something hits you.
* * * LOW HITPOINT WARNING * * *
You hit something. Your kick misses something.
Something hits you but does no damage. x2
You bump into the rock wall.
Something completely misses you. Something hits you.
* * * LOW HITPOINT WARNING * * *
You completely miss something. Your kick misses something.
You feel less confused.
You hear some strange, mumbled words.
A magic dart appears from out of thin air!
The magic dart hits you!
You die...

. ##......###.. ..
##.#.##..# .# #..
##..#.# #..# # #...
###..##.# #...
#=..#### #...###.#
#.##
#.....#####.......#
.# #.##....#######
# #.)#{##.#
#<).{@..#
.......####..#
......## #..#
...... ##.# ......
### ...... ......
####


There were no monsters in sight!

Vanquished Creatures
  A water moccasin (D:4)
  2 iguanas
  3 adders
  2 white imps (D:6)
  A ribbon worm (D:2)
  4 dart slugs
  7 orcs
  4 bats (D:2)
  5 endoplasms
  2 giant cockroaches (D:4)
  4 goblins
  4 hobgoblins
  2 jackals (D:3)
  5 kobolds
  2 quokkas
  3 ball pythons
  8 frilled lizards
  4 rats
63 creatures vanquished.

Vanquished Creatures (collateral kills)
  An orc (D:3)
  A goblin (D:1)
  A bat (D:1)
  A rat (D:1)
4 creatures vanquished.

Grand Total: 67 creatures vanquished

Notes
Turn   | Place    | Note
-------+----------+-------------------------------------------
     0 | D:1      | PaiMei the Demonspawn Necromancer began the quest for the
                  | Orb.
     0 | D:1      | Reached XP level 1. HP: 13/13 MP: 3/3
   193 | D:1      | Gained mutation: You have large cloven feet. [demonic
                  | ancestry]
   193 | D:1      | Reached XP level 2. HP: 19/19 MP: 0/5
   416 | D:1      | Found a faded altar of an unknown god.
   877 | D:2      | Reached XP level 3. HP: 24/24 MP: 2/6
   881 | D:2      | Learned a level 3 spell: Vampiric Draining
  1819 | D:3      | Reached XP level 4. HP: 28/30 MP: 1/7
  2712 | D:3      | Found a runed translucent door.
  2713 | D:3      | Noticed Crazy Yiuf
  2944 | D:4      | Noticed a water moccasin
  2956 | D:4      | Killed a water moccasin
  2957 | D:4      | Reached skill level 5 in Necromancy
  2957 | D:4      | Reached XP level 5. HP: 35/35 MP: 1/9
  3214 | D:4      | Found a burning altar of Makhleb.
  3464 | D:4      | Found a staircase to the Ecumenical Temple.
  3464 | D:4      | You fall into a shaft and drop 2 floors!
  3492 | D:6      | Noticed a phantom
  4009 | D:6      | Gained mutation: You are partially covered in large bone
                  | plates. (SH +4) [demonic ancestry]
  4009 | D:6      | Reached XP level 6. HP: 42/42 MP: 4/10
  4091 | D:6      | Reached skill level 1 in Fighting
  4108 | D:6      | Killed from afar by an orc wizard

Illustrated notes

Levels and vault maps discovered:
D:1:      spicycebolla_arrival_risky_transporter, layout_rooms, serial_glass,
          glass_columns_a, glass_columns_a, ebering_ecumenical_altar_ruins,
          minmay_statues_item
D:2:      layout_rooms, hangedman_decor_riveting, kennysheep_path_1,
          nicolae_elevator_lobby_plus
D:3:      layout_loops_corners, chequers_jeans, uniq_crazy_yiuf_cottage
D:4:      layout_basic, mainiacjoe_overflow_cross_hatched,
          minmay_temple_entry_glass, interstate_on_off,
          serial_library_hellmonk_recessed_alcove
D:6:      layout_rooms, kennysheep_mini_moat,
          mainiacjoe_overflow_concentric_impassable, kb_rosetta

Skill      XL: |  1  2  3  4  5  6 |
---------------+-------------------+-----
Stealth        | 2 3 |  3.2
Dodging        | 2 3 |  3.2
Spellcasting   | 3 |  3.3
Necromancy     | 5 |  5.5
Fighting       | 1 |  1.0

Action                     |  1- 3 |  4- 6 || total
---------------------------+-------+-------++-------
  Melee: Unarmed           |     3 |       ||     3
         Spear             |     6 |    23 ||    29
         Kick              |     2 |     7 ||     9
   Cast: Necrotise         |    75 |    31 ||   106
         Vampiric Draining |       |     3 ||     3
 Armour: Robe              |    14 |     6 ||    20
         Leather armour    |       |    33 ||    33
  Dodge: Dodged            |    16 |    27 ||    43
  Block: Other             |       |     2 ||     2
